 Dungeon Crawl Stone Soup version 0.24.0-29-g8ce449bc06 (webtiles) character file.

Game seed: 822939090252855604, levelgen mode: deterministic

46 Descartes the Scratcher (level 3, -6/15 HPs)
             Began as a Felid Transmuter on Nov 16, 2019.
             Killed from afar by an orc wizard (9 damage)
             ... with a magic dart
             ... on level 2 of the Dungeon.
             The game lasted 00:05:15 (2905 turns).

Descartes the Scratcher (Felid Transmuter)          Turns: 2905, Time: 00:05:15

Health: -6/15      AC:  1    Str:  7    XL:     3   Next: 46%
Magic:  7/7        EV: 19    Int: 14    God:
Gold:   104        SH:  0    Dex: 16    Spells: 5/6 levels left
                                        Lives:  0   Deaths: 1

rFire    . . .     SeeInvis +     - Unarmed
rCold    . . .     Gourm    .   (shield unavailable)
rNeg     . . .     Faith    .   (armour unavailable)
rPois    .         Spirit   .   (helmet unavailable)
rElec    .         Reflect  .   (cloak unavailable)
rCorr    .         Harm     .   (gloves unavailable)
MR       .....                  (boots unavailable)
Stlth    +++.......             (no amulet)
HPRegen  0.05/turn              (no ring)
MPRegen  0.10/turn              (no ring)

@: quick
A: very small, no armour, no weapons or thrown items, stealth, claws 1, fangs 3,
see invisible, carnivore, speed 1, shaggy fur 1, slow metabolism 1, sharp paws
a: no special abilities


You were on level 2 of the Dungeon.
You were full.

You visited 1 branch of the dungeon, and saw 3 of its levels.

You collected 104 gold pieces.

Inventory:

Missiles
 a - 12 arrows
 h - 72 stones
Scrolls
 i - 3 scrolls of remove curse {unknown}
Potions
 d - a potion of magic {unknown}
 e - a potion of invisibility
 g - a potion of curing {unknown}
 j - a potion of flight {unknown}
Comestibles
 c - 4 rations


   Skills:
 - Level 1.0 Fighting
 + Level 3.8 Dodging
 + Level 2.7 Stealth
 * Level 4.3 Unarmed Combat
 - Level 2.0 Spellcasting
 - Level 2.1 Transmutations


You had 5 spell levels left.
You knew the following spells:

 Your Spells              Type           Power        Failure   Level  Hunger
a - Beastly Appendage     Tmut           #.....       10%         1    ##.....

Your spell library contained the following spells:

 Spells                   Type           Power        Failure   Level  Hunger
 Sticks to Snakes         Tmut           #.......     14%         2    ###....
 Spider Form              Tmut/Pois      #.........   41%         3    ####...
 Ice Form                 Ice/Tmut       #.......     83%         4    #####..
 Blade Hands              Tmut           #.........   95%         5    ######.


Dungeon Overview and Level Annotations

Branches:
Dungeon (3/15)

Altars:
Ashenzari
Cheibriados
Gozag
Kikubaaqudgha
Nemelex Xobeh
Vehumet


Innate Abilities, Weirdness & Mutations

You cannot wear armour.
You are incapable of wielding weapons or throwing items.
Your paws allow you to move quietly. (Stealth)
You have sharp claws.
You have razor-sharp teeth.
You have supernaturally acute eyesight. (SInv)
You are carnivorous and can eat meat at any time.
You cover ground quickly.
You are covered in fur. (AC +1)
You have a slow metabolism.
Your sharp claws are effective at attacking unaware monsters.


Message History

You climb upwards.
There is a stone staircase leading down here.
You miss the orc wizard.
The orc wizard is moderately wounded.
The orc wizard barely misses you.
You closely miss the orc wizard.
The orc wizard is moderately wounded.
You scratch the orc wizard.
The orc wizard is heavily wounded.
The orc wizard gestures at you while chanting.
The puff of flame misses you.
You scratch the orc wizard.
The orc wizard is almost dead.
The orc wizard closely misses you.
You barely miss the orc wizard.
The orc wizard is almost dead.
The orc wizard points at you and mumbles some strange words.
The magic dart hits you!
Ouch! That really hurt!
You die...

#....##.#.......
#.##.##.#.#####.
#####.##.##.#.######
#...#.##.##.#.#.....
#...#.#..##.#.#.####
#.......###...#.####
#..........._.......
#...#.#.#....(..####
#..@o.............).
#...#.#.._..8.._.###
#................#
####.#..#.........###
#....#..#....._.....#
#....####.......###.#
#.........###.### #.#
#...####### #.#####.#
#...# #.......##


You could see an orc wizard (invisible).

Vanquished Creatures
  Natasha (D:3)
  2 adders (D:2)
  An ooze (D:2)
  2 worms
  3 dart slugs (D:1)
  3 leopard geckos
  2 orcs (D:3)
  2 giant cockroaches
  3 goblins
  3 hobgoblins
  2 jackals (D:2)
  5 kobolds
  A quokka (D:2)
  2 ball pythons
  A bat (D:1)
  A frilled lizard (D:1)
  5 rats
39 creatures vanquished.

Notes
Turn   | Place    | Note
-------+----------+-------------------------------------------
     0 | D:1      | Descartes the Felid Transmuter began the quest for the Orb.
     0 | D:1      | Reached XP level 1. HP: 9/9 MP: 4/4
   175 | D:1      | Reached skill level 1 in Stealth
   385 | D:1      | Reached XP level 2. HP: 12/12 MP: 6/6
   930 | D:2      | Found a snail-covered altar of Cheibriados.
   932 | D:2      | Found a radiant altar of Vehumet.
   932 | D:2      | Found a shattered altar of Ashenzari.
   932 | D:2      | Found an opulent altar of Gozag.
   962 | D:2      | Reached XP level 3. HP: 9/15 MP: 7/7
  2173 | D:2      | Found an ancient bone altar of Kikubaaqudgha.
  2200 | D:2      | Reached skill level 4 in Unarmed Combat
  2647 | D:3      | Reached XP level 4. HP: 19/19 MP: 8/8
  2653 | D:3      | Found a sparkling altar of Nemelex Xobeh.
  2742 | D:3      | Noticed Natasha
  2754 | D:3      | Killed Natasha
  2814 | D:3      | Slain by an orc wizard
  2815 | D:3      | Reached XP level 3. HP: -1/15 MP: 7/7
  2905 | D:2      | Killed from afar by an orc wizard

Levels and vault maps discovered:
D:1:      elethiomel_arrival_maze, layout_basic
D:2:      layout_basic, nicolae_overflow_crystal_walls,
          grunt_temple_overflow_open
D:3:      layout_basic, lemuel_doored_altar, minivault_25,
          uniq_crazy_yiuf_cottage, uniq_natasha

Skill      XL: |  1  2  3 |
---------------+----------+-----
Dodging        | 3 |  3.8
Stealth        | 1 2 |  2.7
Unarmed Combat | 4 |  4.3
Fighting       | |  1.0
Spellcasting   | |  2.0
Transmutations | |  2.1

Action                   |  1- 3 |  4- 6 || total
-------------------------+-------+-------++-------
Melee: Unarmed           |   108 |    23 ||   131
       Bite              |     8 |     3 ||    11
       Punch             |     1 |       ||     1
  Use: Scroll            |     3 |       ||     3
       Potion            |       |     2 ||     2
 Stab: Sleeping          |    11 |     1 ||    12
  Eat: Chunk             |    13 |     1 ||    14
Armor: Skin              |     2 |       ||     2
Dodge: Dodged            |    76 |    19 ||    95
